 Dungeon Sprint DCSS version 0.30-a0-711-gf4ac18a38d (webtiles) character file.

Game seed: 564509199669893730

22 mhtbhm the Cutter (level 3, -1/25 HPs)
             Began as a Kobold Berserker on Jan 23, 2023.
             Was a Priest of Trog.
             Killed from afar by an orc wizard (4 damage)
             ... with a magic dart
             ... in the Dungeon (Sprint IX: "|||||||||||||||||||||||||||||").
             The game lasted 00:00:24 (70 turns).

mhtbhm the Cutter (Kobold Berserker)                  Turns: 70, Time: 00:00:25

Health: -1/25      AC:  2    Str: 16    XL:     3   Next: 7%
Magic:  3/3        EV: 15    Int:  8    God:    Trog [***...]
Gold:   0          SH:  0    Dex: 14    Spells: 2/2 levels left

rFire   . . .      SeeInvis .    a - +0 short sword
rCold   . . .      Faith    .    (no shield)
rNeg    . . .      Spirit   .    b - +0 animal skin
rPois   .          Reflect  .    (no helmet)
rElec   .          Harm     .    (no cloak)
rCorr   .          Rampage  .    (no gloves)
Will    .....      NoTele   +    (no boots)
Stlth   ++                       (no amulet)
HPRegen 0.24/turn                (no ring)
MPRegen 0.08/turn                (no ring)

@: confused, on berserk cooldown, hasted and slowed
A: small, no large weapons, nightstalker 3
a: Renounce Religion, Berserk, Trog's Hand


You were in the Dungeon.
You worshipped Trog.
Trog was most pleased with you.
You visited 1 branch

Inventory:

Hand Weapons
 a - a +0 short sword (weapon)
Armour
 b - a +0 animal skin (worn)
Scrolls
 h - a scroll of blinking
Potions
 f - 2 potions of magic
 g - a potion of berserk rage


   Skills:
 + Level 4.9 Fighting
 + Level 6.1 Short Blades
 + Level 2.0 Armour
 + Level 3.2 Dodging


You had 2 spell levels left.
You didn't know any spells.
Your spell library was empty.

Dungeon Overview and Level Annotations

Branches:
Dungeon (1/1)

Altars:


Innate Abilities, Weirdness & Mutations

You are small and have problems with some larger weapons.
You are completely attuned to the shadows.


Message History

* * * LOW HITPOINT WARNING * * *
Something hits you.
* * * LOW HITPOINT WARNING * * *
You feel better. Something hits you.
You aren't carrying any items that you can evoke.
Unknown command.
You feel much better. Something hits you. Something barely misses you.
You barely miss something. Something hits you.
You miss something. Something hits you.
You miss something. Something hits you.
You hit something.
The white imp shouts, "Turn tail, thou obnoxious spleeny wastrel!"
You hear some strange, mumbled words.
A puff of flame appears from out of thin air!
The puff of flame hits you.
You closely miss something. Something hits you.
You hit something. Something hits you.
Unknown command.
You feel yourself speed up. Something hits you.
* * * LOW HITPOINT WARNING * * *
You hit something. Something hits you.
* * * LOW HITPOINT WARNING * * *
You miss something.
You hear some strange, mumbled words.
You are confused.
You hit something.
Okay, then.
You hit something. Something barely misses you.
You bump into the unnaturally hard rock wall.
Something hits you.
* * * LOW HITPOINT WARNING * * *
You bump into the unnaturally hard rock wall.
Something hits you.
* * * LOW HITPOINT WARNING * * *
You completely miss something.
The white imp grinds its teeth.
You hear some strange, mumbled words.
A magic dart appears from out of thin air!
The magic dart hits you.
You die...

▓.▓
▓.▓
▓5▓
▓g▓
▓{▓
▓@▓
▓.▓
▓)▓
▓†▓
▓'▓
▓.▓
▓.▓
▓.▓
▓<▓


You could see a gnoll and a white imp.

Vanquished Creatures
  An adder (D)
  A white imp (D)
  An endoplasm (D)
  A giant cockroach (D)
  2 kobolds (D)
  A rat (D)
7 creatures vanquished.

Notes
Turn   | Place    | Note
-------+----------+-------------------------------------------
     0 | D        | mhtbhm the Kobold Berserker began the quest for the Orb.
     0 | D        | Reached XP level 1. HP: 14/14 MP: 1/1
    16 | D        | Reached ** piety under Trog
    21 | D        | Reached skill level 5 in Short Blades
    31 | D        | Noticed an orc wizard
    40 | D        | Reached XP level 2. HP: 8/20 MP: 2/2
    43 | D        | Reached *** piety under Trog
    44 | D        | Reached skill level 6 in Short Blades
    44 | D        | Reached XP level 3. HP: 11/25 MP: 3/3
    70 | D        | Killed from afar by an orc wizard

Illustrated notes

Levels and vault maps discovered:
D:        linesprint [early_d, line_temple, items_1, d_10, items_2, lair_1,
          lair_end, items_3, orc_1, orc_end, items_4, d_15, swamp_1, shoals_1,
          snake_1, spider_1, d_20, vaults_1, items_5, swamp_end, shoals_end,
          snake_end, spider_end, vaults_end, d_27, items_6, zot_1, zot_end,
          crypt_end, forest_end, elf_end, slime_end, tomb_end, abyss_end,
          pan_hell_end]

Skill      XL: |  1  2 |
---------------+-------+-----
Fighting       | 4 |  4.9
Short Blades   | 5 6 |  6.1
Dodging        | 3 |  3.2
Armour         | 2 |  2.0

Action                     || total
---------------------------++-------
  Melee: Short sword       ||    45
         Punch             ||     1
 Invoke: Berserk           ||     1
    Use: Potion            ||     3
 Armour: Animal skin       ||     4
  Dodge: Dodged            ||    13

Table legend: (Time is in decaauts)
 A = Elapsed time spent in this place.
 B = Non-inter-level travel time spent in this place.
 C = Inter-level travel time spent in this place.
 D = Time resting spent in this place.
 E = Time spent auto-exploring this place.
 F = Levels seen in this place.
 G = Mean time per level.
                   A        B        C        D        E       F      G
               +--------+--------+--------+--------+--------+-----+--------+
         Total |     57 |     57 |      0 |      0 |     13 |   1 |   57.0 |
       Dungeon |     57 |     57 |      0 |      0 |     13 |   1 |   57.0 |
               +--------+--------+--------+--------+--------+-----+--------+

Top non-repeatable levels by time:
       D: 57 daAuts
